 Dungeon Crawl Stone Soup version 0.30-b1-2-g02819fbbbe (webtiles) character file.

Game seed: 5029665638878150718

130 Borgoz the Trooper (level 5, -7/49 HPs)
             Began as a Gargoyle Berserker on June 22, 2023.
             Was a Believer of Trog.
             Mangled by a gnoll
             ... wielding a +0 halberd
             ... led by a gnoll bouda
              (11 damage)
             ... on level 3 of the Dungeon.
             The game lasted 00:01:57 (1752 turns).

Borgoz the Trooper (Gargoyle Berserker)             Turns: 1752, Time: 00:01:58

Health: -7/49      AC: 15    Str: 21    XL:     5   Next: 13%
Magic:  5/5        EV:  6    Int:  7    God:    Trog [**....]
Gold:   114        SH:  0    Dex: 11    Spells: 4/4 levels left

rFire   . . .        a - +0 mace
rCold   . . .        (no shield)
rNeg    + . .        b - +0 plate armour
rPois   ∞            (no helmet)
rElec   +            (no cloak)
rCorr   .            (no gloves)
SInv    +            (no boots)
Will    .....        (no amulet) Stlth
                     g - ring of see invisible
HPRegen 0.28/turn    (no ring)
MPRegen 0.09/turn

%: no passive effects
@: berserking (expiring), very quick
A: sickness immunity, AC +4, negative energy resistance 1, electricity
resistance, torment resistance 1, petrification resistance
a: Renounce Religion, Berserk, Trog's Hand


You were on level 3 of the Dungeon.
You worshipped Trog.
Trog was pleased with you.
You visited 1 branch of the dungeon, and saw 3 of its levels.

You collected 114 gold pieces.

Inventory:

Hand Weapons
 a - a +0 mace (weapon)
Armour
 b - a +0 plate armour (worn)
Jewellery
 g - a ring of see invisible (left hand)
Scrolls
 j - a scroll of amnesia {unknown}
 k - a scroll of magic mapping {unknown}
 m - a scroll of identify {unknown}
Potions
 c - 2 potions of heal wounds {unknown}
 d - 3 potions of haste {unknown}
 e - a potion of mutation {unknown}
 f - a potion of attraction {unknown}
 h - a potion of degeneration {unknown}
 i - 2 potions of brilliance {unknown}
 l - a potion of curing {unknown}


   Skills:
 * Level 4.2 Fighting
 * Level 3.8 Maces & Flails
 * Level 3.4 Armour
 * Level 2.4 Dodging


You had 4 spell levels left.
You didn't know any spells.
Your spell library was empty.

Dungeon Overview and Level Annotations

Branches:
Dungeon (3/15)

Altars:


Innate Abilities, Weirdness & Mutations

You are immune to sickness and miasma.
Your stone body is resilient. (AC +4)
You are immune to poison.
You resist negative energy. (rN+)
You are resistant to electric shocks. (rElec)
You are resistant to unholy torment.
You are immune to petrification.


Message History

You have reached level 5!
Your skin stops crawling.
You feel less strong-willed. The gnoll hits you with a +0 spear.
The gnoll hits you but does no damage.
Things that are here:
a +0 club; a +0 leather armour You hit the gnoll.
The gnoll is moderately wounded.
The gnoll is no longer moving quickly. x2; The gnoll completely misses you.
The gnoll hits you from afar with a +0 halberd.
You closely miss the gnoll.
The gnoll is moderately wounded.
The gnoll hits you with a +0 spear. The gnoll completely misses you.
You barely miss the gnoll.
The gnoll is moderately wounded.
The gnoll hits you but does no damage.
You closely miss the gnoll.
The gnoll is moderately wounded.
The gnoll hits you from afar with a +0 halberd.
You sock the gnoll!
The gnoll is severely wounded.
The gnoll hits you with a +0 spear.
The gnoll hits you from afar with a +0 halberd.
You hit the gnoll.
You feel the power of Trog in you as your rage grows.
You kill the gnoll!
Trog accepts your kill.
The gnoll hits you from afar with a +0 halberd.
The gnoll hits you with a +0 halberd.
* * * LOW HITPOINT WARNING * * *
You see here a +0 spear.
You sock the gnoll!
The gnoll is severely wounded.
You closely miss the gnoll.
The gnoll is severely wounded.
The gnoll hits you with a +0 halberd!
* * * LOW HITPOINT WARNING * * *
You closely miss the gnoll.
The gnoll is severely wounded.
The gnoll is no longer moving quickly.
The gnoll hits you with a +0 halberd!
You die...

###############
#)............###
#)#####.........
#@# #.##....##
#g#####........#
#g#............###
#.#.###...........
#.# #.##....####
... #.##........
#.#####.#.###.####
.>.......## #..
#........# ##


You could see 2 gnolls.

Vanquished Creatures
  A gnoll bouda (D:3)
  2 gnolls (D:3)
  2 adders (D:2)
  A dart slug (D:2)
  A worm (D:2)
  4 bats
  6 endoplasms
  5 giant cockroaches
  5 goblins
  4 hobgoblins
  4 quokkas (D:1)
  5 ball pythons
  6 frilled lizards
  4 kobolds
  7 rats
57 creatures vanquished.

Notes
Turn   | Place    | Note
-------+----------+-------------------------------------------
     0 | D:1      | Borgoz the Gargoyle Berserker began the quest for the Orb.
     0 | D:1      | Reached XP level 1. HP: 14/14 MP: 1/1
   190 | D:1      | Reached XP level 2. HP: 19/19 MP: 2/2
   615 | D:1      | Reached XP level 3. HP: 23/23 MP: 3/3
   910 | D:2      | Reached XP level 4. HP: 29/29 MP: 4/4
  1145 | D:2      | Reached ** piety under Trog
  1716 | D:3      | Reached skill level 4 in Fighting
  1742 | D:3      | Reached XP level 5. HP: 31/33 MP: 5/5
  1752 | D:3      | Mangled by a gnoll

Illustrated notes

Levels and vault maps discovered:
D:1:      ebering_trefoil_twist, layout_basic
D:2:      layout_basic
D:3:      layout_loops_ring, nicolae_ecumenical_snake_handling

Skill      XL: |  1  2  3  4 |
---------------+-------------+-----
Dodging        | 2 |  2.4
Armour         | 3 |  3.4
Fighting       | 4 |  4.2
Maces & Flails | |  3.8

Action                     |  1- 3 |  4- 6 || total
---------------------------+-------+-------++-------
  Melee: Mace              |    99 |    90 ||   189
 Invoke: Berserk           |     1 |     1 ||     2
         Trog's Hand       |       |     1 ||     1
    Use: Scroll            |     1 |       ||     1
 Armour: Animal skin       |    28 |       ||    28
         Scale mail        |     1 |       ||     1
         Plate armour      |    31 |    79 ||   110
  Dodge: Dodged            |    63 |    38 ||   101
